 Dungeon Crawl Stone Soup version 0.25-a0-566-g062765b (webtiles) character file.

Game seed: 5693315704472564321, levelgen mode: deterministic

56 relicbr the Conjurer (level 3, -3/19 HPs)
             Began as a Deep Elf Conjurer on Feb 27, 2020.
             Killed from afar by Sigmund (4 damage)
             ... with a puff of flame
             ... on level 2 of the Dungeon.
             The game lasted 00:02:56 (1377 turns).

relicbr the Conjurer (Deep Elf Conjurer)            Turns: 1377, Time: 00:02:57

Health: -3/19      AC:  3    Str:  5    XL:     3   Next: 71%
Magic:  2/9        EV: 12    Int: 20    God:
Gold:   97         SH:  0    Dex: 15    Spells: 5/8 levels left

rFire    . . .     SeeInvis .   a - +0 short sword
rCold    . . .     Gourm    .   (no shield)
rNeg     . . .     Faith    .   e - +0 leather armour
rPois    .         Spirit   .   (no helmet)
rElec    .         Reflect  .   (no cloak)
rCorr    .         Harm     .   (no gloves)
MR       .....                  (no boots)
Stlth    ++........             (no amulet)
HPRegen  0.06/turn              (no ring)
MPRegen  0.11/turn              (no ring)

@: no status effects
A: no striking features
a: no special abilities


You were on level 2 of the Dungeon.
You were not hungry.

You visited 1 branch of the dungeon, and saw 2 of its levels.

You collected 97 gold pieces.

Inventory:

Hand Weapons
 a - a +0 short sword (weapon)
Armour
 e - a +0 leather armour (worn)
Jewellery
 d - an uncursed amulet of faith {unknown}
Scrolls
 b - 2 scrolls of identify {unknown}
 f - a scroll of immolation {unknown}
Potions
 g - a potion of curing
Comestibles
 c - 4 rations


   Skills:
 - Level 2.4 Dodging
 - Level 2.4 Stealth
 - Level 3.0 Spellcasting
 * Level 6.0 Conjurations


You had 5 spell levels left.
You knew the following spells:

 Your Spells              Type           Power        Failure   Level  Hunger
a - Magic Dart            Conj           ####         1%          1    None
b - Searing Ray           Conj           ####..       3%          2    ##.....

Your spell library contained the following spells:

 Spells                   Type           Power        Failure   Level  Hunger
 Dazzling Flash           Conj/Hex       ###...       21%         3    ###....
 Fulminant Prism          Conj/Hex       ###.......   56%         4    ####...
 Iskenderun's Mystic Bla  Conj/Tloc      ###.....     56%         4    ####...


Dungeon Overview and Level Annotations

Branches:
Dungeon (2/15)

Altars:
Dithmenos
Nemelex Xobeh
Sif Muna

Annotations:
D:2 Sigmund


Message History

* * * LOW HITPOINT WARNING * * *
Casting: Searing Ray (safe; 3% risk of failure)
Confirm with . or Enter, or press ? or * to list all spells.
Aiming: Magic Dart (safe; 2% risk of failure)
Press: ? - help, Shift-Dir - straight line, f/p - adder
Aim: an adder (severely wounded)
The magic dart hits the adder.
You kill the adder!
Your Conjurations skill increases to level 6!
A magic dart appears from out of thin air!
The magic dart hits you.
* * * LOW HITPOINT WARNING * * *
Your magical contamination has completely faded away.
A magic dart appears from out of thin air!
The magic dart hits you.
* * * LOW HITPOINT WARNING * * *
There is a stone staircase leading down here.
A puff of flame appears from out of thin air!
The puff of flame hits you.
You die...

#..##.##...........###
####.##.##..............
#.......##............(#
#.###.#.##...........#..
.. #.#.##..........<...
#. #...#######.........
# ##..# #.#.##....
#..### #.#.#.#...
####.@..# #.#.......
#.....#.# #.........
#.....#.# ######.....
#.....#.. #... ......
#...{.######.### .###
#.......##..P..##...
#.........÷.⌠...#.#
#.......#...P...(.# #
#.......##_._P_##.#


There were no monsters in sight!

Vanquished Creatures
  2 adders (D:2)
  3 dart slugs (D:1)
  A ball python (D:2)
  3 giant cockroaches (D:1)
  6 goblins
  4 hobgoblins
  A quokka (D:2)
  3 bats
  2 frilled lizards
  4 kobolds
  2 rats
31 creatures vanquished.

Notes
Turn   | Place    | Note
-------+----------+-------------------------------------------
     0 | D:1      | relicbr the Deep Elf Conjurer began the quest for the Orb.
     0 | D:1      | Reached XP level 1. HP: 10/10 MP: 6/6
   316 | D:1      | Reached XP level 2. HP: 15/15 MP: 2/8
   388 | D:1      | Reached skill level 5 in Conjurations
   940 | D:1      | Reached XP level 3. HP: 19/19 MP: 6/9
  1227 | D:2      | Found a sparkling altar of Nemelex Xobeh.
  1227 | D:2      | Found a shimmering blue altar of Sif Muna.
  1241 | D:2      | Learned a level 2 spell: Searing Ray
  1262 | D:2      | Found a shadowy altar of Dithmenos.
  1348 | D:2      | Noticed Sigmund
  1362 | D:2      | Reached skill level 6 in Conjurations
  1377 | D:2      | Killed from afar by Sigmund

Levels and vault maps discovered:
D:1:      dpeg_arrival_arbitrary_a, layout_loops_corners
D:2:      layout_basic, hangedman_ru_absence,
          gammafunk_temple_overflow_forgotten, first_ration, uniq_sigmund

Skill      XL: |  1  2  3 |
---------------+----------+-----
Conjurations   | 5 6 |  6.0
Dodging        | |  2.4
Stealth        | |  2.4
Spellcasting   | |  3.0

Action                   || total
-------------------------++-------
Melee: Dagger            ||     1
       Short sword       ||    17
 Cast: Magic Dart        ||    53
       Searing Ray       ||     2
 Stab: Sleeping          ||     2
  Eat: Chunk             ||     1
Armor: Leather armour    ||    10
Dodge: Dodged            ||    21

Table legend:
 A = Non-vault XP
 B = Vault XP
 C = Vault XP percentage of total XP
 D = Non-vault monster count
 E = Vault monster count
 F = Vault count percentage of total count
                 A         B        C        D         E       F
            +---------+---------+-------+---------+---------+-------
      Total |      81 |       0 |   0.0 |      31 |       0 |   0.0
            +---------+---------+-------+---------+---------+-------
        D:1 |      41 |       0 |   0.0 |      21 |       0 |   0.0
        D:2 |      40 |       0 |   0.0 |      10 |       0 |   0.0
            +---------+---------+-------+---------+---------+-------
